AoeStats
← oandg

Arena

508281231Analyzed
3v3 RM · 11d ago on Sep 21, 2026· 52m 26s· 6 players
Game mode
Random Map
Map size
Normal (6 player)
Population
200
Speed
Normal
Resources
Standard
Victory
Conquest
Starting age
Dark Age
Ending age
Imperial Age
RankedLock teamsTeams togetherTeam positionsShared explorationLock speedFull tech treeHidden civsTurbo modeCheats
Victory
Defeat
🇬🇧 Georgians · United Kingdom
472
+15
🇬🇧 Wei · United Kingdom
458
+15
🇬🇧 Japanese · United Kingdom
438
+16
🇺🇸 Chinese · United States
532
-19
🇧🇷 Persians · Brazil
433
-15
🇵🇪 Burgundians · Peru
362
-12
oandg
11:54 Feudal Age
13:29 Double-Bit Axe
17:27 Castle Age
16:18 Horse Collar
17:41 Gold Mining
25:28 Stone Mining
28:14 Fletching
28:25 Padded Archer Armor
28:31 Scale Barding Armor
28:33 Heavy Plow
28:50 Bow Saw
29:50 Bodkin Arrow
30:46 Wheelbarrow
35:07 Leather Archer Armor
35:36 Pikeman
40:50 Imperial Age
39:00 Thumb Ring
41:06 Elite Tiger Cavalry
42:10 Conscription
Chrisjohn09
11:35 Feudal Age
20:20 Castle Age
21:01 Wheelbarrow
20:18 Double-Bit Axe
21:20 Padded Archer Armor
23:29 Stone Mining
26:51 Scale Barding Armor
26:57 Forging
32:18 Bow Saw
32:47 Stone Shaft Mining
34:32 Chain Barding Armor
34:48 Iron Casting
34:04 Fletching
34:13 Pikeman
35:16 Scale Mail Armor
36:52 Gold Mining
39:01 Chain Mail Armor
42:59 Imperial Age
41:22 Hand Cart
42:02 Bodkin Arrow
42:25 Leather Archer Armor
44:42 Parthian Tactics
43:39 Heavy Cavalry Archer
45:03 Plate Barding Armor
44:49 Halberdier
46:55 Plate Mail Armor
46:27 Bracer
47:47 Blast Furnace
jack0_james
10:32 Feudal Age
14:41 Double-Bit Axe
18:38 Castle Age
16:58 Horse Collar
20:05 Wheelbarrow
20:16 Bow Saw
22:15 Man-at-Arms
22:21 Man-at-Arms
25:20 Long Swordsman
25:46 Gambesons
26:02 Squires
28:30 Forging
28:20 Scale Mail Armor
28:25 Scale Barding Armor
28:11 Fletching
28:21 Padded Archer Armor
30:22 Hand Cart
30:51 Gold Mining
30:52 Stone Mining
36:31 Imperial Age
34:15 Pikeman
36:30 Gold Shaft Mining
37:18 Loom
36:55 Elite Samurai
37:35 Yasama
37:56 Kataparuto
36:59 Two-Handed Swordsman
39:23 Two-Man Saw
38:32 Heavy Plow
39:36 Yasama
39:05 Halberdier
41:57 Iron Casting
41:37 Chain Mail Armor
41:27 Padded Archer Armor
42:13 Onager
45:06 Champion
46:00 Thumb Ring
45:15 Crossbowman
47:44 Chemistry
47:05 Ballistics
46:54 Siege Engineers
47:00 Masonry
47:35 Arbalester
48:49 Elite Skirmisher
67676767676767676767676767676767
Shader
0:45 Loom
16:21 Feudal Age
15:58 Double-Bit Axe
16:02 Horse Collar
16:26 Gold Mining
16:55 Stone Mining
17:42 Bow Saw
19:02 Heavy Plow
19:48 Town Watch
29:08 Castle Age
27:44 Wheelbarrow
27:13 Padded Archer Armor
27:44 Arson
28:41 Scale Barding Armor
28:29 Fletching
30:01 Crossbowman
30:04 Elite Skirmisher
30:17 Cavalier
31:00 Husbandry
31:17 Fortified Wall
31:03 Murder Holes
31:13 Pikeman
31:56 Squires
33:23 Treadmill Crane
34:54 Burgundian Vineyards
36:37 Ballistics
37:33 Two-Man Saw
37:23 Crop Rotation
41:13 Imperial Age
39:39 Leather Archer Armor
39:27 Scale Mail Armor
40:17 Chain Barding Armor
40:47 Hand Cart
40:38 Bodkin Arrow
40:56 Forging
41:04 Chain Mail Armor
43:14 Chemistry
42:54 Plate Barding Armor
42:56 Iron Casting
42:23 Bracer
42:48 Conscription
42:24 Paladin
43:34 Masonry
44:38 Blast Furnace
43:35 Halberdier
44:32 Guilds
49:52 Plate Mail Armor
Wendell, O Malakoi
6:19 Loom
11:45 Feudal Age
12:13 Double-Bit Axe
12:13 Horse Collar
14:27 Wheelbarrow
13:47 Gold Mining
16:18 Stone Mining
21:44 Town Watch
22:43 Town Watch
25:46 Castle Age
23:27 Man-at-Arms
27:44 Bow Saw
28:45 Heavy Plow
30:51 Stone Shaft Mining
31:53 Parthian Tactics
35:51 Caravan
35:29 Crossbowman
36:14 Thumb Ring
36:14 Scale Mail Armor
36:20 Scale Barding Armor
39:08 Gold Shaft Mining
40:03 Elite Skirmisher
43:57 Town Patrol
44:12 Hand Cart
46:06 Coinage
49:07 Imperial Age
47:21 Masonry
47:02 Heated Shot
47:33 Ballistics
46:35 Pikeman
46:35 Long Swordsman
47:38 Chain Barding Armor
47:34 Chain Mail Armor
47:20 Padded Archer Armor
Connection lost

Rejoining the realm…

Still unreachable

The connection could not be restored.

Session expired

The server has moved on; the page needs a fresh start.